 Dungeon Crawl Stone Soup version 0.23.0 (webtiles) character file.

Game seed: 17023511974725764797

97 MisterOstroum the Sneak (level 4, -1/27 HPs)
             Began as a Gargoyle Assassin on Feb 16, 2019.
             Slain by a crimson imp (3 damage)
             ... on level 5 of the Dungeon on Feb 17, 2019.
             The game lasted 00:26:17 (2759 turns).

MisterOstroum the Sneak (Gargoyle Assassin)         Turns: 2759, Time: 00:26:20

Health: -1/27      AC:  7    Str: 15    XL:     4   Next: 68%
Magic:  4/4        EV: 12    Int: 11    God:
Gold:   179        SH:  0    Dex: 12    Spells: 3/3 levels left

rFire    . . .     SeeInvis .   b - +0 blowgun
rCold    . . .     Gourm    .   (no shield)
rNeg     + . .     Faith    .   c - +0 robe
rPois    ∞         Spirit   .   (no helmet)
rElec    +         Reflect  .   d - +0 cloak
rCorr    .         Harm     .   v - +0 pair of gloves
MR       .....                  (no boots)
Stlth    +++.......             p - amulet of the acrobat
HPRegen  0.09/turn              (no ring)
MPRegen  0.09/turn              (no ring)

@: no status effects
A: negative energy resistance 1, electricity resistance, unbreathing,
petrification resistance, rot immunity, AC +3
a: no special abilities


You were on level 5 of the Dungeon.
You were hungry.

You visited 1 branch of the dungeon, and saw 5 of its levels.

You collected 179 gold pieces.

Inventory:

Hand Weapons
 a - a +2 dagger
 b - a +0 blowgun (weapon)
Missiles
 e - 2 poisoned needles (quivered)
 f - 2 curare-tipped needles
 i - 82 stones
Armour
 c - a +0 robe (worn)
 d - a +0 cloak (worn)
 v - a +0 pair of gloves (worn)
Jewellery
 p - an amulet of the acrobat (around neck)
Scrolls
 h - 2 scrolls of enchant armour {unknown}
 j - 2 scrolls of remove curse
 l - a scroll of immolation
 m - a scroll of teleportation {unknown}
 n - a scroll of amnesia {unknown}
 q - 3 scrolls of identify
 r - a scroll of fear
Potions
 s - a potion of magic {unknown}
 u - a potion of agility
Comestibles
 g - 4 rations


   Skills:
 * Level 2.9 Fighting
 * Level 2.5 Short Blades
 * Level 2.0 Throwing
 + Level 1.1 Dodging
 + Level 5.6 Stealth


You had 3 spell levels left.
You didn't know any spells.
Your spell library contained the following spells:

 Spells                   Type           Power        Failure   Level  Hunger
 Animate Skeleton         Necr           N/A          34%         1    ##.....
 Apportation              Tloc           #.....       34%         1    ##.....
 Confusing Touch          Hex            #.....       34%         1    ##.....
 Summon Small Mammal      Summ           #...         34%         1    ##.....


Dungeon Overview and Level Annotations

Branches:
Dungeon (5/15)
 Temple: D:4-7

Altars:
Ashenzari
Gozag

Annotations:
D:2 Sigmund


Innate Abilities, Weirdness & Mutations

You are resistant to torment.
Your stone body is resilient. (AC +3)
You are immune to poison.
You resist negative energy. (rN+)
You are resistant to electric shocks. (rElec)
You can survive without breathing.
You are immune to petrification.
You are immune to rotting.


Message History

You shoot a poisoned needle.
The poisoned needle misses the crimson imp.
The crimson imp misses you.
Firing (i - inventory. (/) - cycle)
e - 4 poisoned needles (quivered)
Press: ? - help, Shift-Dir - straight line, f/p - crimson imp
Aim: a crimson imp You shoot a poisoned needle.
The poisoned needle closely misses the crimson imp.
The crimson imp barely misses you.
Firing (i - inventory. (/) - cycle)
e - 3 poisoned needles (quivered)
Press: ? - help, Shift-Dir - straight line, f/p - crimson imp
Aim: a crimson imp You shoot a poisoned needle.
The poisoned needle closely misses the crimson imp.
The centaur shouts!
The centaur wields a +0 shortbow.
The centaur shoots an arrow.
The arrow hits you!
* * * LOW HITPOINT WARNING * * *
The crimson imp hits you.
You die...

#...)...o....
#..c....$#...####.....
#........#......#.....
#.$?...(.#............
#..(((.(.###...<......
#........#............
#(.....(.#............
#(......(#............
#.((.@(.(#.....$......
###..5#.(+.....$....(.
###.#.##............
#((.##.......#####
######.......#
#########


You could see a centaur and a crimson imp.

Vanquished Creatures
  A hound (D:3)
  3 dart slugs
  A leopard gecko (D:4)
  An orc (D:5)
  2 ball pythons (D:3)
  6 giant cockroaches
  7 goblins
  8 hobgoblins
  7 kobolds
  7 bats
  6 frilled lizards
  6 rats (D:1)
55 creatures vanquished.

Notes
Turn   | Place    | Note
-------+----------+-------------------------------------------
     0 | D:1      | MisterOstroum the Gargoyle Assassin began the quest for the
                  | Orb.
     0 | D:1      | Reached XP level 1. HP: 12/12 MP: 1/1
   102 | D:1      | Reached XP level 2. HP: 17/17 MP: 2/2
   305 | D:1      | Reached skill level 5 in Stealth
   327 | D:1      | Found a shattered altar of Ashenzari.
   537 | D:1      | Reached XP level 3. HP: 22/22 MP: 3/3
  1214 | D:2      | Noticed Sigmund
  1596 | D:3      | Reached skill level 1 in Dodging
  1596 | D:3      | Reached XP level 4. HP: 13/27 MP: 4/4
  2146 | D:3      | Found an opulent altar of Gozag.
  2539 | D:4      | Noticed a big kobold
  2649 | D:5      | Entered Level 5 of the Dungeon
  2683 | D:5      | Noticed a centaur
  2759 | D:5      | Slain by a crimson imp

Skill      XL: |  1  2  3  4 |
---------------+-------------+-----
Short Blades   | 2 |  2.5
Stealth        | 5 |  5.6
Dodging        | 1 |  1.1
Throwing       | 2 |  2.0
Fighting       | |  2.9

Action                   |  1- 3 |  4- 6 || total
-------------------------+-------+-------++-------
Melee: Dagger            |   108 |    99 ||   207
 Fire: Blowgun           |       |     4 ||     4
Throw: Stone             |       |    36 ||    36
       Tomahawk          |       |    26 ||    26
  Use: Scroll            |     3 |     1 ||     4
       Potion            |       |     1 ||     1
 Stab: Sleeping          |     8 |     2 ||    10
  Eat: Chunk             |     2 |     3 ||     5
Armor: Robe              |    34 |    27 ||    61
Dodge: Dodged            |    52 |    72 ||   124
